 Dungeon Crawl Stone Soup version 0.31.0-2-g5a2aebc5c2 (console) character file.

Game seed: 8992738235647850085

191 jejorda2 the Ruffian (level 5, -1/45 HPs)
             Began as a Draconian Berserker on Jan 20, 2024.
             Was a Believer of Trog.
             Incinerated by a bombardier beetle (4 damage)
             ... with a burning spray
             ... on level 3 of the Dungeon.
             The game lasted 00:04:04 (2149 turns).

jejorda2 the Ruffian (Draconian Berserker)          Turns: 2149, Time: 00:04:04

Health: -1/45      AC:  6    Str: 21    XL:     5   Next: 42%
Magic:  5/5        EV: 12    Int:  8    God:    Trog [**....]
Gold:   202        SH:  0    Dex: 10    Spells: 4/4 levels left

rFire   . .          .
                       - Unarmed
rCold   . . .        (no shield)
rNeg    . . .        (body armour unavailable)
rPois   .            (helmet restricted)
rElec   .            (no cloak)
rCorr   .            (no gloves)
SInv    .            j - +0 pair of boots
Will    ++...        (no amulet)
Stlth   +            (no ring)
HPRegen 1.27/turn    (no ring)
MPRegen 0.09/turn

%: no passive effects
@: on fire, strong-willed, regenerating, glowing
A: AC +5, unfitting armour, cold-blooded
a: Renounce Religion, Berserk, Trog's Hand


You were on level 3 of the Dungeon.
You worshipped Trog.
Trog was pleased with you.
You visited 1 branch of the dungeon, and saw 3 of its levels.

You collected 202 gold pieces.

Inventory:

Missiles
 b - 33 stones (quivered)
Armour
 j - a +0 pair of boots (worn)
Jewellery
 l - a ring of magical power
Wands
 h - a wand of paralysis (9)
Scrolls
 a - 5 scrolls of teleportation {unknown}
 c - a scroll of amnesia {unknown}
 d - a scroll of enchant armour {unknown}
 e - 2 scrolls of fog {unknown}
 f - a scroll of torment {unknown}
 g - a scroll of identify {unknown}
 i - a scroll of noise {unknown}
 k - a scroll of immolation {unknown}


   Skills:
 - Level 3.2 Fighting
 - Level 2.6 Dodging
 + Level 4.3 Unarmed Combat
 * Level 3.8 Shapeshifting


You had 4 spell levels left.
You didn't know any spells.
Your spell library was empty.

Dungeon Overview and Level Annotations

Branches:
Dungeon (3/15)

Altars:


Innate Abilities, Weirdness & Mutations

Your plain brown scales are hard. (AC +5)
You cannot fit into any form of body armour.
You are cold-blooded and may be slowed by cold attacks.


Message History

The burning spray misses you.
You hit the bombardier beetle but do no damage.
The bombardier beetle is severely wounded.
The liquid fire burns you!
You barely miss the bombardier beetle.
The bombardier beetle is severely wounded.
The liquid fire burns you!
The bombardier beetle sprays incendiary fluid at you.
The burning spray hits you.
You are even more covered in liquid fire!
You shake off some of the fire as you move.
The liquid fire burns you!
You barely miss the bombardier beetle.
The bombardier beetle is severely wounded.
The liquid fire burns you!
The bombardier beetle bites you but does no damage.
You shake off some of the fire as you move.
The liquid fire burns you!
You shake off some of the fire as you move.
The liquid fire burns you!
The bombardier beetle sprays incendiary fluid at you.
The burning spray hits you.
You are even more covered in liquid fire!
You shake off some of the fire as you move.
The liquid fire burns you!
* * * LOW HITPOINT WARNING * * *
The bombardier beetle closely misses you.
You shake off some of the fire as you move.
The liquid fire burns you!
* * * LOW HITPOINT WARNING * * *
Your skin crawls.
You feel strong-willed. The liquid fire burns you!
* * * LOW HITPOINT WARNING * * *
The bombardier beetle sprays incendiary fluid at you.
The burning spray hits you.
You are even more covered in liquid fire!
You shake off some of the fire as you move.
The liquid fire burns you!
You die...

#........#
#........#
#........#
####........#
#.....!.....#
#.......#####
#.......#
#.....B.#
#.....@.#
#.......#
#.......#
#.......#
#.......#
#########


You could see a bombardier beetle.

Vanquished Creatures
  A bombardier beetle (D:3)
  2 orc wizards (D:3)
  2 adders (D:3)
  2 ribbon worms (D:2)
  4 dart slugs (D:1)
  4 orcs (D:3)
  4 ball pythons
  10 endoplasms
  5 giant cockroaches
  8 goblins
  5 hobgoblins
  7 jackals (D:1)
  3 quokkas
  11 bats
  6 frilled lizards
  3 kobolds
  4 rats
81 creatures vanquished.

Notes
Turn   | Place    | Note
-------+----------+-------------------------------------------
     0 | D:1      | jejorda2 the Draconian Berserker began the quest for the
                  | Orb.
     0 | D:1      | Reached XP level 1. HP: 19/19 MP: 1/1
    90 | D:1      | Reached skill level 1 in Shapeshifting
   104 | D:1      | Reached XP level 2. HP: 26/26 MP: 2/2
   332 | D:1      | Reached ** piety under Trog
   333 | D:1      | Reached XP level 3. HP: 28/31 MP: 3/3
  1371 | D:2      | Reached XP level 4. HP: 38/38 MP: 4/4
  1794 | D:3      | Reached skill level 4 in Unarmed Combat
  1837 | D:3      | Reached XP level 5. HP: 19/45 MP: 5/5
  2148 | D:3      | HP: 2/45 [burnt (4)]
  2149 | D:3      | Incinerated by a bombardier beetle

Illustrated notes

Levels and vault maps discovered:
D:1:      mrwooster_arrival_statue_3, layout_basic, minmay_vboxes
D:2:      layout_loops_ring, grunt_ministairs_10
D:3:      layout_basic, gammafunk_ghost_smash, uniq_ijyb

Skill      XL: |  1  2  3  4 |
---------------+-------------+-----
Shapeshifting  | 1 2 3 |  3.8
Unarmed Combat | 4 |  4.3
Fighting       | |  3.2
Dodging        | |  2.6

Action                     |  1- 3 |  4- 6 || total
---------------------------+-------+-------++-------
  Melee: Unarmed           |   151 |   143 ||   294
         Tailslap          |    14 |    12 ||    26
         Punch             |     3 |       ||     3
 Invoke: Trog's Hand       |       |     3 ||     3
         Berserk           |       |     1 ||     1
    Use: Potion            |       |     2 ||     2
   Stab: Sleeping          |     3 |     1 ||     4
 Armour: Skin              |    77 |    97 ||   174
  Dodge: Dodged            |    87 |    81 ||   168
